AoeStats
← DariiX

Pilgrims

507080049Analyzed
2v2 RM · 15d ago on Sep 16, 2026· 25m 23s· 4 players
Game mode
Random Map
Map size
Medium (4 player)
Population
200
Speed
Normal
Resources
Standard
Victory
Conquest
Starting age
Dark Age
Ending age
Imperial Age
RankedLock teamsTeams togetherTeam positionsShared explorationLock speedFull tech treeHidden civsTurbo modeCheats
Victory
Defeat
🇳🇴 Sicilians · Norway
914
+12
902
+13
🇵🇱 Poles · Poland
854
-26
🇹🇷 Britons · Türkiye
815
-12
DariiX
14:54 Feudal Age
16:17 Wheelbarrow
17:38 Fishing Lines
21:12 Forging
21:48 Double-Bit Axe
23:07 Horse Collar
24:09 Bloodlines
24:10 Scale Barding Armor
Kerem
24:54 Feudal Age
25:33 Horse Collar
juleskum
15:15 Feudal Age
16:05 Town Watch
17:17 Stone Mining
17:17 Arson
21:38 Forging
22:49 Scale Mail Armor
DontFuckleWithShuckle
15:12 Feudal Age
16:26 Fishing Lines
16:54 Loom
17:02 Double-Bit Axe
18:31 Fletching
22:07 Castle Age
20:01 Gold Mining
20:31 Padded Archer Armor
20:34 Loom
20:56 Horse Collar
22:14 Crossbowman
23:51 Thumb Ring
24:29 Bodkin Arrow
25:09 Squires
26:05 Wheelbarrow
Connection lost

Rejoining the realm…

Still unreachable

The connection could not be restored.

Session expired

The server has moved on; the page needs a fresh start.